 Dungeon Crawl Stone Soup version 0.20.0 (webtiles) character file.

93895 BarneyGumball the Peltast (level 16, -3/71 HPs)
             Began as a Vine Stalker Fighter on June 11, 2017.
             Was the Champion of Okawaru.
             Slain by a redback (6 damage)
             ... on level 4 of the Lair of Beasts.
             The game lasted 01:49:29 (21637 turns).

BarneyGumball the Peltast (Vine Stalker Fighter)   Turns: 21637, Time: 01:49:30

Health: -3/71      AC:  9    Str: 26    XL:     16   Next: 10%
Magic:  0/24       EV:  5    Int: 21    God:    Okawaru [******]
Gold:   1419       SH:  0    Dex: 28    Spells: 14/15 levels left

rFire    + . .     SeeInvis +   a - +3 scimitar of the Magi {elec, MR+}
rCold    + + .     Gourm    .   L - +0 shield {reflect}
rNeg     + . .     Faith    .   w - +7 chain mail "Feshry" {rN+ rCorr Dex+3}
rPois    +         Spirit   +   S - +1 helmet {SInv}
rElec    .         Reflect  +   i - scarf of Tomorrow {rC+ rCorr Int+2}
rCorr    +         Harm     .   g - +0 pair of gloves
MR       +++..                  F - +0 pair of boots of Pan-Flutes {Int+7 Dex+4}
Stlth    ..........             (no amulet)
Regen    1.1/turn               X - ring of the Rabble {Ice Str+4 Int+4}
MPRegen  0.2/turn               A - ring "Lagh" {rPois Dex+3}

@: about to teleport, corroded, held
A: fangs 3, talons 1, fire resistance 2, regeneration 2, magic shield, antimagic
bite, no potion heal 3, rot immunity
a: Heroism, Finesse, Renounce Religion


You were on level 4 of the Lair of Beasts.
You worshipped Okawaru.
Okawaru was exalted by your worship.
You were not hungry.

You visited 5 branches of the dungeon, and saw 25 of its levels.

You collected 2243 gold pieces.
You spent 824 gold pieces at shops.

Inventory:

Hand Weapons
 a - the +3 scimitar of the Magi (weapon) {elec, MR+}
   (Okawaru gifted it to you on level 6 of the Lair of Beasts)

   Occasionally, upon striking a foe, it will discharge some electrical energy
   and cause terrible harm.
   It affects your resistance to hostile enchantments.
 b - a +2 eveningstar of protection
Missiles
 y - a throwing net (quivered)
Armour
 g - a +0 pair of gloves (worn)
 i - the scarf of Tomorrow (worn) {rC+ rCorr Int+2}
   (You found it on level 6 of the Dungeon)

   It affects your intelligence (+2).
   It protects you from cold.
   It protects you from acid and corrosion.
 w - the +7 chain mail "Feshry" (worn) {rN+ rCorr Dex+3}
   (You found it on level 9 of the Dungeon)

   It affects your dexterity (+3).
   It protects you from negative energy.
   It protects you from acid and corrosion.
 F - the +0 pair of boots of Pan-Flutes (worn) {Int+7 Dex+4}
   (You bought it in a shop on level 10 of the Dungeon)

   It affects your intelligence (+7).
   It affects your dexterity (+4).
 L - a +0 shield of reflection (worn)
 M - the +0 shield "Bygrojex" {rC+ Str+5 Int+2}
   (Okawaru gifted it to you on level 15 of the Dungeon)

   It affects your strength (+5).
   It affects your intelligence (+2).
   It protects you from cold.
 S - a +1 helmet of see invisible (worn)
Jewellery
 k - an uncursed ring of see invisible
 q - an uncursed ring of wizardry
 A - the ring "Lagh" (right hand) {rPois Dex+3}
   (You found it on level 10 of the Dungeon)

   [ring of dexterity]

   It affects your dexterity (+3).
   It protects you from poison.
 C - an uncursed ring of ice
 X - the ring of the Rabble (left hand) {Ice Str+4 Int+4}
   (You found it on level 6 of the Lair of Beasts)

   [ring of ice]

   It enhances your ice magic.
   It affects your strength (+4).
   It affects your intelligence (+4).
   It makes you vulnerable to fire.
   It protects you from cold.
Wands
 B - a wand of polymorph (12/24)
 G - a wand of confusion (19/48)
 J - a wand of acid (11/15)
 K - a wand of clouds (4/9)
 R - a wand of disintegration (15/24)
 V - a wand of lightning (7/15)
Scrolls
 c - a scroll of silence
 e - 14 scrolls of remove curse
 h - 8 scrolls of teleportation
 l - 7 scrolls of amnesia
 t - 2 scrolls of fear
 u - a scroll of enchant weapon
 x - 12 scrolls of identify
 H - a scroll of magic mapping
Potions
 d - 6 potions of might
 j - 3 potions of cancellation
 n - 10 potions of curing
 o - 2 potions of flight
 s - 3 potions of agility
 z - 2 potions of haste
 I - 2 potions of invisibility
 N - a potion of brilliance
 Q - 2 potions of lignification
 T - a potion of ambrosia
 U - a potion of resistance
Books
 E - a book of Battle

   Spells                             Type                      Level
   a - Infusion                       Charms                       1
   b - Shroud of Golubria             Charms/Translocation         2
   c - Song of Slaying                Charms                       2
   d - Spectral Weapon                Hexes/Charms                 3
   e - Regeneration                   Charms/Necromancy            3
 P - a book of Geomancy

   Spells                             Type                      Level
   a - Sandblast                      Earth                        1
   b - Passwall                       Transmutation/Earth          2
   c - Stone Arrow                    Conjuration/Earth            3
   d - Petrify                        Transmutation/Earth          4
   e - Lee's Rapid Deconstruction     Earth                        5
Miscellaneous
 D - a lamp of fire (inert)
Comestibles
 f - 18 bread rations
 m - 18 meat rations
 p - 27 fruits
 r - 17 royal jellies
 v - 4 chunks of flesh


   Skills:
 * Level 2.7 Fighting
 - Level 15.7 Long Blades
 - Level 5.4 Armour
 - Level 1.7 Dodging
 - Level 16.0 Shields
 - Level 9.4 Invocations
 + Level 6.0 Evocations


You had 14 spell levels left.
You knew the following spells:

 Your Spells              Type           Power        Failure   Level  Hunger
a - Apportation           Tloc           #.....       71%         1    ##.....


Dungeon Overview and Level Annotations

Branches:
Dungeon (15/15)            Temple (1/1) D:7            Lair (6/6) D:10
 Shoals (0/4) Lair:4       Spider (1/4) Lair:4        Slime (0/5) Lair:6
    Orc (2/2) D:11            Elf (0/3) Orc:2        Depths (0/5) D:15
 Vaults: D:13-14

Altars:
Ashenzari
Cheibriados
Dithmenos
Elyvilon
Fedhas
Gozag
Hepliaklqana
Kikubaaqudgha
Makhleb
Nemelex Xobeh
Okawaru
Qazlal
Ru
Sif Muna
Trog
Uskayaw
Vehumet
Xom
Yredelemnul
Zin
The Shining One
Beogh
Jiyva

Shops:
D:4 *   D:5 [*   D:10 :*[%[   D:12 [   Orc:2 **:[(

Portals:
Trove: D:15 (give +3 shadow dragon scales)

Annotations:
D:6 4 exclusions
D:13 exclusions: deep elf archer and human
Lair:4 Rupert; SpeedrunTech's ghost, journeyman MiBe


Innate Abilities, Weirdness & Mutations

You have razor-sharp teeth.
You heal very quickly.
When hurt, damage is shared between your health and your magic reserves.
Your bite disrupts and absorbs the magic of your enemies.
Potions cannot restore your health.
You are immune to rotting.
You have sharp toenails.
Your flesh is very heat resistant. (rF++)


Message History

You feel sick.
There is a hole to the Spider Nest, spattered with blood here.
As you read the scroll of teleportation, it crumbles to dust.
You feel strangely unstable.
You feel sick.
The redback bites you but does no damage. x2
You block the jumping spider's attack. x2; You block the redback's attack. x2
The redback misses you. The redback bites you!
* * * LOW HITPOINT WARNING * * *
The jumping spider pounces on you.
* * * LOW HITPOINT WARNING * * *
You are caught in a web!
The jumping spider completely misses you.
The redback bites you!
* * * LOW HITPOINT WARNING * * *
Okay, then.
Your system rejects the healing.
You feel better. The redback bites you.
* * * LOW HITPOINT WARNING * * *
The redback bites you but does no damage.
The redback bites you!
You die...

.# #.#.### .# ####
###...P.## .#
#.#...##..#.....# .###
#......^^^^^...# ...##
#.#....^^.^.^^.# ...#.
##.##.^^^.^^.^..##
....###..##......^^^.^.#
.......#..#^...ss...^.##
..#.#.....#^..^^@s^..^.##
.....[.PP....^.ss^^^....#
..#.........^....^...^.##
..##..#...#.^.^^^..^...#
.##.....##...^.^..^....##
........................#
.....#...#####.#.......##
.P....##.####.......####
PP.##.#...P#.#.#.####


You could see a jumping spider and 4 redbacks.

Vanquished Creatures
  Asterion (Spider:1)
  Agnes (D:15)
  2 orc warlords (Orc:2)
  Azrael (D:13)
  A dire elephant (D:15)
  Josephine (Orc:2)
  A great orb of eyes (D:13)
  8 hydras
  Fannar (D:11)
  A catoblepas (Lair:3)
  9 two-headed ogres
  2 ogre magi
  4 death yaks (Lair:6)
  A tengu warrior (D:14)
  2 orc high priests (Orc:2)
  Nergalle (D:12)
  The ghost of BarneyGumball the Ripper, a journeyman FeMo of Ashenzari (Lair:4)
  4 unseen horrors
  4 orc sorcerers
  A deep elf mage (D:15)
  An orb spider (Spider:1)
  5 cyclopes
  The ghost of aesoa the Skirmisher, a novice OpMo of Qazlal (D:5)
  4 orc knights (Orc:2)
  3 ugly things (D:15)
  3 manticores
  2 wolf spiders
  Maurice (D:11)
  A centaur zombie (D:15)
  A torpor snail (Lair:5)
  2 black mambas
  2 gargoyles
  9 spiny frogs
  A rime drake (Lair:6)
  3 yaktaurs (D:14)
  7 komodo dragons
  6 polar bears (Lair:6)
  A merfolk (D:15)
  7 trolls
  4 hornets
  20 blink frogs
  A snapping turtle (Lair:4)
  3 dream sheep (Lair:6)
  9 slime creatures
  10 hippogriffs
  A blink frog (shapeshifter) (D:15)
  2 shadows (D:13)
  9 redbacks
  A tarantella (Lair:4)
  56 yaks
  A vampire (D:13)
  14 spriggans (Lair:6)
  A human (shapeshifter) (D:13)
  A basilisk (Lair:3)
  7 wraiths
  2 fire elementals (D:13)
  5 wyverns
  5 hungry ghosts
  4 wargs (Orc:2)
  2 hell hounds (D:13)
  4 ice beasts
  A swamp drake (D:11)
  7 water moccasins
  44 orc warriors
  6 porcupines
  4 sky beasts
  A hornet zombie (D:14)
  2 necrophages
  3 black bears
  An eye of draining (D:13)
  4 boggarts (Lair:6)
  23 wolves
  20 ogres
  4 phantoms
  11 centaurs
  10 crocodiles
  18 bullfrogs
  A water moccasin zombie (D:8)
  3 wyvern skeletons
  4 scorpions
  15 killer bees
  An electric eel (Lair:5)
  10 wights
  3 bullfrog zombies
  5 crimson imps
  7 jellies
  3 hounds
  6 gnoll shamans
  26 orc priests
  A bullfrog skeleton (D:4)
  3 centaur skeletons
  An iguana (D:9)
  45 orc wizards
  8 worker ants
  3 hound skeletons (D:4)
  17 gnolls
  A howler monkey skeleton (D:5)
  12 adders
  5 shadow imps
  8 oozes
  An adder skeleton (D:7)
  7 dart slugs
  7 leopard geckos
  108 orcs
  9 bats
  7 giant cockroaches
  12 goblins
  8 hobgoblins
  7 jackals
  5 quokkas
  2 frilled lizards (D:2)
  A giant cockroach zombie (D:5)
  A jackal skeleton (D:5)
  12 kobolds
  A quokka zombie (D:6)
  7 rats
  A plant (D:10)
812 creatures vanquished.

Vanquished Creatures (collateral kills)
  2 blink frogs (Lair:6)
2 creatures vanquished.

Vanquished Creatures (others)
  A wyvern zombie (D:13)
  An orc (Orc:2)
  7 fungi
  6 plants
15 creatures vanquished.

Grand Total: 829 creatures vanquished

Notes
Turn   | Place    | Note
-------+----------+-------------------------------------------
     0 | D:1      | BarneyGumball the Vine Stalker Fighter began the quest for the Orb.
     0 | D:1      | Reached XP level 1. HP: 11/11 MP: 2/2
   208 | D:1      | Reached XP level 2. HP: 16/16 MP: 3/3
   226 | D:1      | Reached skill level 3 in Shields
   418 | D:1      | Reached XP level 3. HP: 14/19 MP: 2/4
  1237 | D:2      | Gained mutation: Your natural rate of healing is unusually fast. [Vine Stalker growth]
  1237 | D:2      | Reached XP level 4. HP: 23/23 MP: 5/5
  1694 | D:3      | Reached skill level 1 in Dodging
  1745 | D:3      | Reached XP level 5. HP: 22/27 MP: 6/6
  2459 | D:4      | Reached XP level 6. HP: 23/32 MP: 5/7
  2535 | D:4      | Found a burning altar of Makhleb.
  2671 | D:4      | Noticed a phantom
  2738 | D:4      | Killed a phantom
  2738 | D:4      | Reached skill level 4 in Shields
  2765 | D:4      | Noticed a phantom
  2804 | D:4      | Reached skill level 5 in Long Blades
  2804 | D:4      | Reached XP level 7. HP: 29/35 MP: 8/8
  3050 | D:4      | Found Dapt's Assorted Antiques.
  3324 | D:5      | Entered Level 5 of the Dungeon
  3568 | D:5      | Found a stormy altar of Qazlal.
  3621 | D:5      | Found Ycitaf's Antique Armour Boutique.
  3640 | D:5      | Noticed aesoa's ghost (novice OpMo)
  3925 | D:5      | Found Funac's General Store.
  4094 | D:5      | Killed aesoa's ghost
  4094 | D:5      | Reached skill level 5 in Shields
  4094 | D:5      | Gained mutation: You have razor-sharp teeth. [Vine Stalker growth]
  4094 | D:5      | Reached XP level 8. HP: 35/39 MP: 6/9
  4140 | D:6      | Got a faintly glowing scarf
  4146 | D:6      | Identified the cursed scarf of Tomorrow {rC+ rCorr Int+2} (You found it on level 6 of the Dungeon)
  4304 | D:6      | Found a blossoming altar of Fedhas.
  4406 | D:7      | Found a staircase to the Ecumenical Temple.
  4424 | Temple   | Entered the Ecumenical Temple
  4544 | Temple   | Became a worshipper of Warmaster Okawaru
  5183 | D:8      | Reached XP level 9. HP: 42/43 MP: 10/10
  5252 | D:8      | Reached * piety under Okawaru
  5331 | D:8      | Reached skill level 6 in Shields
  5545 | D:8      | Noticed a two-headed ogre
  5608 | D:9      | Found a white marble altar of Elyvilon.
  5645 | D:9      | Noticed a two-headed ogre
  5667 | D:9      | Killed a two-headed ogre
  5749 | D:9      | Reached skill level 7 in Shields
  5785 | D:9      | Noticed a two-headed ogre
  5860 | D:9      | Killed a two-headed ogre
  5860 | D:9      | Reached ** piety under Okawaru
  5860 | D:9      | Reached skill level 10 in Long Blades
  5860 | D:9      | Reached XP level 10. HP: 38/47 MP: 8/11
  5947 | D:9      | Found a hide-covered altar of Uskayaw.
  5966 | D:9      | Learned a level 1 spell: Apportation
  6005 | D:9      | Found an ancient bone altar of Kikubaaqudgha.
  6247 | D:9      | Got a pitted chain mail
  6258 | D:9      | Identified the +7 chain mail "Feshry" {rN+ rCorr Dex+3} (You found it on level 9 of the Dungeon)
  6949 | D:9      | Reached skill level 8 in Shields
  7052 | D:10     | Entered Level 10 of the Dungeon
  7388 | D:9      | Reached *** piety under Okawaru
  7408 | D:10     | Found Luilar's General Store.
  7408 | D:10     | Noticed an unseen horror
  7416 | D:10     | Killed an unseen horror
  7526 | D:10     | Got a slimy bronze ring
  7528 | D:10     | Identified the ring "Lagh" {rPois Dex+3} (You found it on level 10 of the Dungeon)
  7532 | D:10     | Found Raugamu's Armour Boutique.
  7603 | D:10     | Found a staircase to the Lair.
  7610 | D:10     | Found Yxtegocs's Book Shop.
  7631 | D:10     | Reached **** piety under Okawaru
  7704 | D:10     | Reached XP level 11. HP: 49/51 MP: 12/12
  7830 | D:10     | Noticed an unseen horror
  7843 | D:10     | Killed an unseen horror
  7843 | D:10     | Reached skill level 9 in Shields
  7843 | D:10     | Reached skill level 1 in Invocations
  7843 | D:10     | Reached skill level 1 in Evocations
  7883 | D:10     | Noticed a seven-headed hydra
  8029 | D:10     | Killed a seven-headed hydra
  8094 | D:10     | Found Cudopp's Armour Boutique.
  8097 | D:10     | Bought the cursed +0 pair of boots of Pan-Flutes {Int+7 Dex+4} for 410 gold pieces
  8230 | D:10     | Found Falypt's Food Emporium.
  8355 | Lair:1   | Entered Level 1 of the Lair of Beasts
  8391 | D:10     | Reached ***** piety under Okawaru
  8535 | Lair:1   | Reached skill level 5 in Armour
  8572 | D:10     | Received a gift from Okawaru
  8692 | Lair:1   | Gained mutation: Your flesh is heat resistant. (rF+) [potion of mutation]
  8692 | Lair:1   | Gained mutation: You have sharp toenails. [potion of mutation]
  8692 | Lair:1   | Gained mutation: Your flesh is very heat resistant. (rF++) [potion of mutation]
  9534 | Lair:2   | Noticed an eight-headed hydra
  9549 | Lair:2   | Killed an eight-headed hydra
  9603 | Lair:2   | Gained mutation: You heal very quickly. [Vine Stalker growth]
  9603 | Lair:2   | Reached XP level 12. HP: 56/56 MP: 16/16
  9613 | Lair:2   | Got a smelly leather armour
  9624 | Lair:2   | Identified the +1 leather armour "Tousath" {Regen+ rCorr MP-9 Dex+2} (You found it on level 2 of the Lair of Beasts)
 10221 | Lair:3   | Received a gift from Okawaru
 10361 | Lair:3   | Reached skill level 5 in Evocations
 10403 | Lair:3   | Noticed a catoblepas
 10429 | Lair:3   | Killed a catoblepas
 10948 | Lair:4   | Noticed BarneyGumball's ghost (journeyman FeMo)
 10986 | Lair:4   | Killed BarneyGumball's ghost
 11146 | Lair:4   | Noticed Rupert
 11150 | Lair:4   | Noticed SpeedrunTech's ghost (journeyman MiBe)
 11195 | Lair:4   | Found a hole to the Spider Nest.
 11598 | Lair:4   | Found a staircase to the Shoals.
 11708 | Lair:5   | Noticed a six-headed hydra
 11720 | Lair:5   | Killed a six-headed hydra
 11805 | Lair:5   | Received a gift from Okawaru
 11973 | Lair:5   | Reached skill level 10 in Shields
 11993 | Lair:5   | Reached ****** piety under Okawaru
 12055 | Lair:5   | Reached XP level 13. HP: 56/59 MP: 18/18
 12640 | Lair:6   | Entered Level 6 of the Lair of Beasts
 12640 | Lair:6   | Found a viscous altar of Jiyva.
 12640 | Lair:6   | Found a staircase to the Slime Pits.
 12732 | Lair:6   | Received a gift from Okawaru
 13390 | Lair:6   | Reached skill level 15 in Long Blades
 13731 | Lair:6   | Received a gift from Okawaru
 13732 | Lair:6   | Got a scorched scimitar {god gift}
 13733 | Lair:6   | Identified the +3 scimitar of the Magi {elec, MR+} (Okawaru gifted it to you on level 6 of the Lair of Beasts)
 13762 | Lair:6   | Reached skill level 11 in Shields
 13915 | Lair:6   | Got a warped golden ring
 13919 | Lair:6   | Identified the ring of the Rabble {Ice Str+4 Int+4} (You found it on level 6 of the Lair of Beasts)
 14128 | Lair:6   | Reached XP level 14. HP: 63/63 MP: 19/19
 14155 | Lair:6   | Received a gift from Okawaru
 14363 | D:11     | Reached skill level 12 in Shields
 14458 | D:11     | Noticed Fannar
 14495 | D:11     | Killed Fannar
 15228 | D:11     | Found a staircase to the Orcish Mines.
 15643 | D:12     | Noticed Nergalle
 15648 | D:12     | Killed Nergalle
 15830 | Orc:1    | Entered Level 1 of the Orcish Mines
 15830 | Orc:1    | Noticed Maurice
 15840 | D:11     | Killed Maurice
 15974 | Orc:2    | Entered Level 2 of the Orcish Mines
 16200 | Orc:2    | Found Lorphafe's General Store.
 16425 | Orc:1    | Reached skill level 13 in Shields
 16445 | Orc:2    | Noticed Josephine
 16461 | Orc:2    | Killed Josephine
 16461 | Orc:2    | Reached skill level 5 in Invocations
 16539 | Orc:2    | Found a staircase to the Elven Halls.
 16781 | Orc:2    | Noticed an orc warlord
 16808 | Orc:2    | Killed an orc warlord
 16969 | Orc:2    | Found a roughly hewn altar of Beogh.
 17121 | Orc:2    | Noticed an orc warlord
 17205 | Orc:2    | Received a gift from Okawaru
 17239 | Orc:2    | Killed an orc warlord
 17284 | Orc:2    | Found Boickaff's Antique Armour Shoppe.
 17311 | Orc:2    | Found Uzatuedi's Antique Weapon Shoppe.
 17335 | Orc:2    | Found Ciump's General Store.
 17435 | Orc:2    | Found Leirph's Book Shoppe.
 17504 | Orc:2    | Reached skill level 14 in Shields
 17537 | Orc:2    | Reached XP level 15. HP: 67/67 MP: 20/20
 17867 | D:12     | Found a shattered altar of Ashenzari.
 17903 | D:12     | Found Fytifem's Armour Boutique.
 18391 | Orc:2    | Bought a glowing shield for 240 gold pieces
 18430 | Orc:2    | Bought a scroll of silence for 90 gold pieces
 18430 | Orc:2    | Bought a scroll of identify for 24 gold pieces
 18430 | Orc:2    | Bought a meat ration for 60 gold pieces
 18592 | D:13     | Found a shimmering altar of Xom.
 18602 | D:13     | Found a shimmering altar of Xom.
 18603 | D:13     | Found a shimmering altar of Xom.
 18897 | D:13     | Identified the Papyrus of Virous Black Rites
 18967 | D:13     | Noticed Azrael
 18998 | D:13     | Killed Azrael
 19001 | D:13     | Received a gift from Okawaru
 19793 | D:14     | Reached skill level 15 in Shields
 20296 | D:15     | Entered Level 15 of the Dungeon
 20321 | D:15     | Found a sacrificial altar of Ru.
 20389 | D:15     | Received a gift from Okawaru
 20514 | D:15     | Got a crude shield {god gift}
 20525 | D:15     | Identified the +0 shield "Bygrojex" {rC+ Str+5 Int+2} (Okawaru gifted it to you on level 15 of the Dungeon)
 20591 | D:15     | Found a staircase to the Depths.
 20681 | D:15     | Found a portal to a secret trove of treasure.
 20795 | D:15     | Noticed Agnes
 20804 | D:15     | Killed Agnes
 21341 | Spider:1 | Entered Level 1 of the Spider Nest
 21341 | Spider:1 | Noticed Asterion
 21416 | Lair:4   | Reached XP level 16. HP: 67/71 MP: 23/23
 21426 | Spider:1 | Killed Asterion
 21427 | Spider:1 | Reached skill level 16 in Shields
 21637 | Lair:4   | HP: 3/71 [redback (4)]
 21637 | Lair:4   | Slain by a redback

Skill      XL: |  1  2  3  4  5  6  7  8  9 10 11 12 13 14 15 16 |
---------------+-------------------------------------------------+-----
Long Blades    | 2 3 4 5 6 7 10 11 12 14 15 | 15.7
Shields        | 3 4 5 7 8 9 10 11 14 15 16 | 16.0
Dodging        | 1 |  1.7
Armour         | 3 4 5 |  5.4
Invocations    | 4 6 9 |  9.4
Evocations     | 4 6 |  6.0
Fighting       | |  2.7

Action                   |  1- 3 |  4- 6 |  7- 9 | 10-12 | 13-15 | 16-18 || total
-------------------------+-------+-------+-------+-------+-------+-------++-------
Melee: Long sword        |   108 |   200 |   247 |   835 |   306 |       ||  1696
       Bite              |    22 |    73 |    97 |   502 |   829 |    19 ||  1542
       Mace              |       |       |       |    28 |       |       ||    28
       Scimitar          |       |       |       |       |  1137 |    31 ||  1168
       Eveningstar       |       |       |       |       |    40 |       ||    40
Throw: Throwing net      |       |       |       |       |     1 |     2 ||     3
Invok: Heroism           |       |       |     2 |     7 |    11 |       ||    20
       Finesse           |       |       |       |       |     4 |       ||     4
Evoke: Wand              |       |       |       |     1 |     3 |     3 ||     7
       Lamp of fire      |       |       |       |     1 |     2 |       ||     3
  Use: Scroll            |       |     3 |    10 |     4 |    14 |     1 ||    32
       Potion            |       |       |     1 |     2 |     1 |     1 ||     5
 Stab: Confused          |       |       |       |       |     1 |       ||     1
       Held in net/web   |       |       |       |       |       |     3 ||     3
  Eat: Chunk             |     1 |     6 |     8 |    22 |    33 |       ||    70
       Fruit             |       |       |     2 |       |       |       ||     2
       Royal jelly       |       |       |       |     1 |       |       ||     1
Armor: Scale mail        |    56 |    72 |    65 |     7 |       |       ||   200
       Chain mail        |       |       |       |   289 |   451 |    16 ||   756
Dodge: Dodged            |    25 |    51 |    77 |   183 |   333 |    17 ||   686
       Deflected         |       |       |       |       |    10 |       ||    10
Block: Shield            |    58 |    85 |    94 |   481 |   847 |    56 ||  1621
       Reflection        |       |       |       |       |    15 |       ||    15
       Rpst.: Long sword |     5 |    18 |    28 |    28 |    13 |       ||    92
       Scimitar          |       |       |       |       |    60 |     7 ||    67
